 Dungeon Crawl Stone Soup version 0.32-a0-900-g30fb1b0edc (webtiles) character file.

Game seed: 9320688232371624859

31 SirFunk the Firebug (level 3, -1/37 (39) HPs)
             Began as a Mountain Dwarf Fire Elementalist on Apr 5, 2024.
             Slain by a kobold
             ... wielding a +1 short sword of draining
              (3 damage)
             ... on level 2 of the Dungeon.
             The game lasted 00:03:29 (810 turns).

SirFunk the Firebug (MDFE)                           Turns: 810, Time: 00:03:29

HP:   -1/37 (39)    AC:  6    Str: 12    XL:     3   Next: 7%
MP:   6/6           EV:  9    Int: 15    God:
Gold: 25            SH:  0    Dex: 10    Spells: 5/6 levels left

rFire   . . .        i - +0 hand axe
rCold   . . .        (no shield)
rNeg    . . .        a - +0 ring mail
rPois   .            (no helmet)
rElec   .            (no cloak)
rCorr   .            g - +0 pair of gloves
SInv    .            (no boots)
Will    .....        (no amulet) Stlth
                     (no ring)
HPRegen 0.26/turn    (no ring)
MPRegen 0.10/turn

%: no passive effects
@: berserking (expiring), lightly drained, very quick
A: runic magic, artefact enchanting
a: no special abilities


You were on level 2 of the Dungeon.
You visited 1 branch of the dungeon, and saw 2 of its levels.

You collected 25 gold pieces.

Inventory:

Hand Weapons
 f - a +0 dagger
 i - a +0 hand axe (weapon)
 j - a +0 sling
Armour
 a - a +0 ring mail (worn)
 g - a +0 pair of gloves (worn)
 o - a +0 robe
Scrolls
 c - 2 scrolls of identify {unknown}
 e - a scroll of immolation {unknown}
 h - a scroll of teleportation {unknown}
Potions
 b - a potion of magic


   Skills:
 - Level 1.3 Dodging
 - Level 1.4 Stealth
 + Level 2.1 Spellcasting
 + Level 1.4 Conjurations
 * Level 4.5 Fire Magic


You had 5 spell levels left.
You knew the following spells:

 Your Spells              Type           Power      Damage    Failure   Level
a - Foxfire               Conj/Fire      40%        2x1d6     8%          1

Your spell library contained the following spells:

 Spells                   Type           Power      Damage    Failure   Level
 Scorch                   Fire           30%        2d6       6%          2
 Inner Flame              Hex/Fire       8%         N/A       32%         3
 Volatile Blastmotes      Fire/Tloc      16%        2d11      32%         3
 Flame Wave               Conj/Fire      10%        2d6       61%         4


Dungeon Overview and Level Annotations

Branches:
Dungeon (2/15)

Altars:


Innate Abilities, Weirdness & Mutations

Your spellcasting is much less encumbered by armour.
You can use scrolls of enchantment on lesser artefacts.


Message History

You kill the quokka!
You hit the adder. The adder bites you.
* * * LOW HITPOINT WARNING * * *
The frilled lizard barely misses you.
You closely miss the frilled lizard. You slash the adder!
You kill the adder!
You barely miss the frilled lizard. You closely miss the giant cockroach.
The frilled lizard barely misses you. The giant cockroach barely misses you.
You barely miss the frilled lizard. You closely miss the giant cockroach.
The frilled lizard bites you.
* * * LOW HITPOINT WARNING * * *
The giant cockroach barely misses you.
You miss the frilled lizard. You closely miss the kobold.
You hit the giant cockroach.
The giant cockroach bites you but does no damage.
The kobold barely misses you. The frilled lizard bites you.
* * * LOW HITPOINT WARNING * * *
You slash the frilled lizard!
You kill the frilled lizard!
You closely miss the kobold. You hit the giant cockroach.
You kill the giant cockroach!
The kobold completely misses you.
You have reached level 3!
Your experience leads to an increase in your attributes!
Increase (S)trength, (I)ntelligence, or (D)exterity?
You feel stronger. x2
You see here 3 scrolls labelled HELLESH JOYX.
You slash the kobold!
You kill the kobold!
You closely miss the rat. You slash the rat!
You kill the rat!
You barely miss the kobold.
The kobold hits you with a +1 short sword of draining.
* * * LOW HITPOINT WARNING * * *
You feel drained.
You barely miss the kobold. The kobold barely misses you.
You barely miss the kobold.
The kobold hits you with a +1 short sword of draining.
You die...

............
..........###.
............
..........
.......####.
##.#.#.......
.########†.#.........
.......@K†...........
....#..#####.....##..
. ....#####......#
#.#.. ..#.#.##.####
#... #.#..........
...## #.#..#..#.##.
##......#B...##.#
.#....
#.#......<.....#
##.... #............#
.#[...


You could see a kobold.

Vanquished Creatures
  An adder (D:2)
  A dart slug (D:1)
  A giant cockroach (D:2)
  A goblin (D:1)
  A hobgoblin (D:1)
  3 quokkas
  3 ball pythons (D:1)
  2 bats (D:1)
  A frilled lizard (D:2)
  3 kobolds
  4 rats
21 creatures vanquished.

Vanquished Creatures (others)
  26 foxfires
26 creatures vanquished.

Grand Total: 47 creatures vanquished

Notes
Turn   | Place    | Note
-------+----------+-------------------------------------------
     0 | D:1      | SirFunk the Mountain Dwarf Fire Elementalist began the
                  | quest for the Orb.
     0 | D:1      | Reached XP level 1. HP: 14/14 MP: 3/3
   157 | D:1      | Reached skill level 1 in Conjurations
   275 | D:1      | Reached skill level 4 in Fire Magic
   291 | D:1      | Reached XP level 2. HP: 20/20 MP: 2/4
   564 | D:1      | Found a faded altar of an unknown god.
   804 | D:2      | Reached XP level 3. HP: 3/26 MP: 6/6
   810 | D:2      | Slain by a kobold

Illustrated notes

Levels and vault maps discovered:
D:1:      dpeg_arrival_snail, layout_basic, dreamdust_ecumenical_altar_statues
D:2:      layout_rooms, minmay_misc_feat_tiny

Skill      XL: |  1  2 |
---------------+-------+-----
Conjurations   | 1 |  1.4
Fire Magic     | 4 |  4.5
Spellcasting   | 2 |  2.1
Dodging        | |  1.3
Stealth        | |  1.4

Action                     || total
---------------------------++-------
  Melee: Unarmed           ||     5
         Dagger            ||     6
         Punch             ||     1
         Hand axe          ||    24
   Cast: Foxfire           ||    15
    Use: Potion            ||     2
 Armour: Robe              ||    16
         Ring mail         ||   102
  Dodge: Dodged            ||    81

Table legend: (Time is in decaauts)
 A = Elapsed time spent in this place.
 B = Non-inter-level travel time spent in this place.
 C = Inter-level travel time spent in this place.
 D = Time resting spent in this place.
 E = Time spent auto-exploring this place.
 F = Levels seen in this place.
 G = Mean time per level.
                   A        B        C        D        E       F      G
               +--------+--------+--------+--------+--------+-----+--------+
         Total |    811 |    793 |     18 |    146 |    310 |   2 |  405.5 |
       Dungeon |    811 |    793 |     18 |    146 |    310 |   2 |  405.5 |
               +--------+--------+--------+--------+--------+-----+--------+

Top non-repeatable levels by time:
     D:1: 754 daAuts
     D:2: 57 daAuts
